Map: Port Aleksander LE

Players

BigPimpin

  • Race: Terran Terran
  • League: Platinum
  • Spawn Location: 11:00

Mesrob - Winner!

  • Race: Terran Terran
  • League: Platinum
  • Spawn Location: 5:00

VOD

Have the link to the VOD?

Description

Time

  • Played on: Feb. 1, 2019, 1:37 p.m.
  • Length: 17:35
Show
View Real Time Build Order
Export as new Build Order

BigPimpin Terran 

Build Orders: 2 Factory 

Get SALT Encoding   

  12  0:01  SCV  
  13  0:13  SCV  
  14  0:18  Supply Depot  
  14  0:25  SCV  
  15  0:31  Refinery  
  15  0:40  SCV  
  16  0:51  Barracks  
  16  0:52  SCV  
  17  0:58  Refinery  
  17  1:04  SCV  
  18  1:16  SCV  
  19  1:19  Supply Depot  
  19  1:28  SCV  
  20  1:43  Factory  
  20  1:46  Orbital Command  
  20  1:55  Reaper  
  21  2:21  Command Center  
  21  2:25  SCV  
  22  2:44  Starport  
  22  2:45  Reaper  
  22  2:49  Factory Tech Lab  
  23  2:58  SCV  
  24  3:10  SCV, Cyclone  
  28  3:20  Factory  
  28  3:22  SCV  
  29  3:27  Starport Tech Lab  
  29  3:35  Starport  
  29  3:41  Barracks Reactor  
  29  3:59  Cyclone  
  32  4:03  SCV x2  
  34  4:13  Barracks x2  
  34  4:15  SCV  
  34  4:16  SCV  
  36  4:27  Starport Reactor  
  36  4:28  SCV x2  
  38  4:33  Refinery  
  38  4:35  Factory Tech Lab  
  38  4:36  Refinery  
  38  4:44  Orbital Command  
  38  4:46  SCV  
  38  4:50  Raven  
  41  4:58  SCV  
  37  5:25  Marine x2  
  39  5:32  Command Center  
  39  5:33  Viking x2  
  43  5:39  Starport  
  43  5:43  Marine x2  
  43  5:44  SCV  
  43  5:49  Supply Depot  
  46  5:54  SCV  
  46  5:56  SCV  
  48  6:04  Siege Tank x2  
  48  6:10  SCV  
  55  6:22  SCV  
  55  6:25  Barracks Tech Lab  
  56  6:29  Viking x2  
  56  6:31  Starport Tech Lab  
  56  6:32  Barracks Reactor  
  60  6:35  SCV  
  61  6:46  Marine x2  
  65  6:47  Marauder  
  65  6:48  SCV  
  66  6:55  SCV  
  66  6:57  SCV  
  66  7:00  SCV  
  69  7:02  Supply Depot  
  69  7:03  Supply Depot x2  
  69  7:07  SCV  
  69  7:08  Armory  
  70  7:09  Armory  
  70  7:12  SCV  
  70  7:14  Armory  
  71  7:22  Marine x3  
  72  7:23  Marine, Marauder  
  74  7:54  Marine x4, Marauder  
  74  7:56  Thor  
  70  8:16  Marauder  
  64  8:37  Marauder  
  66  8:42  Barracks Tech Lab, Thor x2  
  66  8:45  Terran Ship Weapons Level 1, Terran Vehicle And Ship Armor Level 1, Terran Vehicle Weapons Level 1  
  78  8:55  Supply Depot x2  
  78  9:00  Marine x2  
  78  9:01  Marauder x2  
  84  9:21  Supply Depot  
  84  9:24  Concussive Shells, Thor  
  90  9:31  Banshee  
  93  9:39  Marine x3  
  93  9:40  Marauder  
  93  9:44  Supply Depot, Stimpack  
  98  9:47  Engineering Bay  
  98  9:51  Engineering Bay  
  98  9:56  Engineering Bay  
  98  9:58  Marauder  
  100  10:03  Orbital Command  
  100  10:05  Marine  
  100  10:06  SCV  
  100  10:07  SCV  
  103  10:11  Marine, Liberator  
  103  10:12  Marine  
  105  10:14  Thor  
  105  10:18  SCV  
  105  10:19  Marine, SCV  
  114  10:23  Marine  
  118  10:29  Marine, Banshee x2  
  118  10:30  Marauder, SCV  
  118  10:31  SCV  
  118  10:33  Refinery  
  118  10:35  SCV  
  130  10:36  Refinery  
  130  10:37  Marauder  
  130  10:40  Marine  
  130  10:41  Supply Depot  
  133  10:46  Supply Depot  
  133  10:51  Terran Infantry Weapons Level 1  
  133  10:52  Terran Infantry Armor Level 1  
  133  11:03  Marauder x2, Cloaking Field, SCV x3  
  140  11:07  Marine  
  140  11:08  Marine  
  142  11:15  SCV x3  
  145  11:24  Marine x2  
  147  11:25  Marine x2  
  147  11:27  Supply Depot  
  147  11:30  Supply Depot  
  149  11:34  SCV x2, Thor  
  149  11:35  SCV  
  158  11:42  Marauder x2  
  158  11:43  Marine  
  158  11:46  SCV  
  158  11:47  SCV  
  165  11:50  Marine  
  166  11:55  Supply Depot, Command Center  
  166  11:56  Supply Depot  
  166  11:57  Banshee  
  166  11:58  Banshee  
  166  11:59  SCV  
  166  12:01  Marine  
  173  12:02  Viking  
  173  12:03  Marauder x2  
  173  12:07  Marine  
  181  12:16  SCV  
  181  12:24  Terran Vehicle And Ship Armor Level 2, Terran Vehicle Weapons Level 2  
  181  12:42  Factory, Thor x2  
  193  12:47  Raven  
  119  13:51  Banshee x2  
  94  14:34  Banshee x2  
  51  14:49  Marauder x2  
  46  14:58  Command Center  
  50  15:05  Command Center  
  50  15:10  Marauder  
  50  15:11  Marauder  
  17  16:33  Factory  
  17  16:35  Factory  
  17  16:36  Factory  
  17  16:37  Planetary Fortress  
Show
View Real Time Build Order
Export as new Build Order

Mesrob Terran - Winner!

Build Orders: 2 Factory, Mech 

Get SALT Encoding   

  12  0:00  SCV  
  13  0:13  SCV  
  14  0:18  Supply Depot  
  14  0:25  SCV  
  15  0:40  SCV  
  15  0:41  Barracks  
  16  0:47  Refinery  
  16  0:52  SCV  
  17  1:04  SCV  
  18  1:16  SCV  
  19  1:29  Orbital Command  
  19  1:41  Command Center  
  19  1:43  Marine  
  20  1:57  Bunker  
  20  2:01  SCV  
  21  2:09  Factory  
  21  2:26  SCV  
  21  2:28  Supply Depot  
  21  2:29  Barracks Tech Lab  
  22  2:32  Refinery  
  22  2:35  Engineering Bay  
  22  2:49  SCV  
  23  2:58  Factory  
  23  3:09  Orbital Command  
  23  3:15  Refinery, Siege Tank  
  23  3:17  Marine  
  27  3:20  SCV  
  28  3:32  SCV  
  29  3:44  SCV x2  
  29  3:46  Supply Depot  
  29  3:47  Factory Reactor  
  31  3:53  Factory  
  31  4:05  SCV  
  31  4:07  SCV  
  31  4:09  Supply Depot  
  33  4:15  Armory  
  33  4:17  Missile Turret, SCV  
  33  4:23  Missile Turret  
  34  4:27  SCV  
  35  4:38  Sensor Tower  
  35  4:47  Hellion x2, Supply Depot  
  35  4:49  Siege Tank  
  35  4:50  Factory Reactor  
  42  4:55  SCV  
  42  4:56  SCV  
  44  5:03  Refinery  
  44  5:06  Factory  
  44  5:13  Supply Depot  
  48  5:28  Hellion, Hellbat  
  48  5:30  Thor  
  54  5:37  Factory  
  54  5:38  SCV  
  54  5:39  SCV  
  56  5:50  SCV  
  57  5:58  Command Center  
  57  6:01  Terran Vehicle Weapons Level 1  
  57  6:05  Factory Tech Lab  
  57  6:26  Factory Tech Lab  
  57  6:27  Thor  
  57  6:29  Hellion x2, Hellbat  
  69  6:45  Thor  
  75  6:50  Armory  
  75  6:55  Supply Depot  
  75  6:56  Supply Depot  
  75  7:05  Hellbat  
  77  7:09  Hellbat  
  79  7:21  Supply Depot  
  79  7:22  Supply Depot  
  79  7:36  Thor  
  85  7:43  Sensor Tower  
  77  8:11  Thor  
  83  8:13  Hellbat x2  
  83  8:20  SCV  
  83  8:22  Planetary Fortress  
  78  8:32  SCV, Thor  
  78  8:34  Hellbat  
  87  8:35  SCV  
  88  8:44  Terran Vehicle And Ship Armor Level 1, SCV  
  89  8:56  Refinery, Terran Vehicle Weapons Level 2  
  89  9:01  Supply Depot  
  89  9:05  SCV  
  89  9:06  SCV  
  92  9:10  SCV  
  92  9:17  SCV  
  92  9:18  SCV  
  92  9:21  Refinery  
  92  9:22  SCV  
  95  9:27  Factory x2, Supply Depot  
  95  9:32  Factory  
  95  9:36  Factory  
  95  9:37  SCV x3  
  98  9:49  SCV x2  
  100  9:55  Supply Depot  
  100  10:10  Thor  
  106  10:14  Factory Reactor  
  106  10:15  Factory Reactor  
  106  10:16  Factory  
  106  10:18  Supply Depot  
  106  10:20  Factory Tech Lab  
  106  10:21  Factory Tech Lab  
  106  10:27  Thor  
  112  10:36  SCV  
  112  10:42  Supply Depot  
  113  10:46  Command Center  
  113  10:48  Hellion  
  115  10:51  Hellion  
  115  10:55  SCV  
  115  10:56  SCV x2  
  118  10:59  Hellion  
  118  11:04  Factory Tech Lab  
  118  11:05  Hellbat, Supply Depot  
  118  11:07  SCV  
  121  11:30  Supply Depot  
  121  11:35  Thor x2  
  121  11:36  Thor  
  139  11:40  Terran Vehicle And Ship Armor Level 2  
  139  11:50  Terran Vehicle Weapons Level 3  
  139  11:58  Supply Depot  
  139  11:59  SCV x3  
  143  12:03  Planetary Fortress  
  142  12:11  SCV x3  
  143  12:23  SCV x3  
  143  12:24  Supply Depot  
  143  12:26  Thor x2  
  156  12:49  Thor x2  
  168  12:51  Hellbat x2  
  168  12:52  Hellbat x4  
  168  12:53  Hellbat x2  
  154  13:21  Thor  
  154  13:22  Thor x2  
  154  13:24  Hellbat  
  129  13:53  Thor  
  129  13:55  Hellion, Hellbat  
  120  14:16  Thor  
  113  15:01  Hellion  
  113  15:07  Hellion x2  
  113  15:35  Hellion x4  
  113  15:40  Thor  
  119  16:25  Starport  
  117  16:58  Command Center  
Tags
 
Composition
Mech
Matchup
TvT
Race
Terran
Replay Pack
sc2 replays
Spawn Locations
Cross Positions
Add a new tag
Caveats
  • Supply blocks, unpowered buildings, or Contaminate may cause inaccurate times.
  • Supply counts are checked every 10 seconds.